Map: Para Site LE

Players

Guru

  • Race: Zerg Zerg
  • Spawn Location: 5:00

Lambo - Winner!

  • Race: Zerg Zerg
  • League: Grandmaster
  • Spawn Location: 11:00

VOD

Have the link to the VOD?

Description

Time

  • Played on: Dec. 31, 2018, 8:28 a.m.
  • Length: 5:02
Show
View Real Time Build Order
Export as new Build Order

Guru Zerg 

Build Orders: Hatch First 

Get SALT Encoding   

  12  0:01  Drone  
  13  0:13  Overlord  
  13  0:17  Drone  
  14  0:31  Drone x2  
  16  0:36  Drone  
  17  0:51  Hatchery  
  17  0:54  Drone  
  17  0:57  Drone  
  18  1:08  Extractor  
  17  1:11  Spawning Pool  
  17  1:15  Drone  
  17  1:18  Drone  
  18  1:29  Drone  
  19  1:40  Drone  
  20  1:58  Queen  
  22  2:03  Queen  
  22  2:04  Drone x3  
  27  2:09  Metabolic Boost  
  27  2:12  Overlord  
  27  2:16  Drone  
  28  2:30  Drone x2  
  28  2:34  Drone  
  31  2:39  Drone  
  32  2:44  Hatchery  
  32  2:46  Baneling Nest  
  32  2:49  Queen  
  33  2:51  Zergling x2  
  33  2:54  Zergling x2  
  34  2:59  Overlord  
  34  3:02  Drone  
  34  3:05  Drone  
  36  3:17  Drone  
  36  3:18  Drone x6  
  43  3:27  Overlord  
  43  3:29  Drone  
  43  3:33  Baneling  
  43  3:44  Overlord  
  43  3:46  Extractor  
  43  3:47  Drone x3  
  43  3:48  Drone x4  
  47  3:51  Baneling  
  47  3:52  Baneling  
  47  3:53  Overlord  
  49  3:55  Queen  
  49  4:02  Overlord  
  51  4:11  Zergling x2  
  51  4:12  Zergling x6  
  51  4:14  Zergling x2  
  51  4:15  Zergling x8  
  59  4:20  Zergling x6  
  59  4:22  Queen  
  63  4:24  Zergling x2  
  63  4:27  Zergling x2  
  58  4:43  Zergling x4  
Show
View Real Time Build Order
Export as new Build Order

Lambo Zerg - Winner!

Build Orders: 3 Hatch before Pool 

Get SALT Encoding   

  12  0:01  Drone  
  13  0:13  Overlord  
  13  0:17  Drone  
  14  0:32  Drone x2  
  16  0:47  Hatchery  
  15  0:51  Drone  
  15  0:55  Drone  
  17  1:01  Drone  
  18  1:18  Hatchery  
  18  1:21  Drone  
  18  1:26  Extractor  
  17  1:35  Spawning Pool  
  17  1:38  Drone  
  17  1:42  Drone  
  17  1:45  Drone  
  19  1:52  Drone  
  20  2:00  Drone  
  21  2:02  Drone  
  22  2:09  Drone  
  22  2:12  Drone  
  24  2:21  Queen x2  
  28  2:29  Metabolic Boost  
  28  2:31  Drone  
  28  2:32  Drone  
  28  2:35  Drone  
  31  2:38  Drone  
  31  2:43  Queen  
  34  2:49  Baneling Nest  
  33  2:53  Zergling x2  
  33  2:55  Overlord  
  34  3:08  Overlord  
  34  3:18  Drone  
  34  3:19  Zergling x14  
  42  3:24  Overlord  
  42  3:28  Zergling x2  
  42  3:31  Zergling x6  
  46  3:39  Baneling x2  
  46  3:41  Zergling x2  
  46  3:42  Zergling x6  
  50  3:50  Zergling x4  
  50  3:51  Zergling x2  
  50  3:52  Overlord  
  50  3:54  Drone  
  54  3:58  Drone  
  54  4:01  Baneling x5  
  55  4:03  Drone  
  55  4:14  Drone  
  55  4:19  Drone x5  
  55  4:21  Drone x2  
  55  4:23  Drone x2  
  61  4:29  Evolution Chamber, Drone x2  
  61  4:31  Drone  
  59  4:39  Drone x2  
  59  4:44  Drone x4  
  60  4:48  Drone  
  60  5:01  Evolution Chamber  
Tags
 
Add a new tag
Caveats
  • Supply blocks, unpowered buildings, or Contaminate may cause inaccurate times.
  • Supply counts are checked every 10 seconds.